 Dungeon Crawl Stone Soup version 0.27-a0-760-gc38aae387d (webtiles) character file.

Game seed: 1058251557533117489

109195 MalarOregon the Nimble (level 17, -5/116 HPs)
             Began as a Halfling Ice Elementalist on Mar 16, 2021.
             Was a High Priest of Sif Muna.
             Blown up by an orb spider (47 damage)
             ... with an orb of destruction
             ... on level 2 of the Spider Nest on Mar 25, 2021.
             The game lasted 02:53:00 (47796 turns).

MalarOregon the Nimble (Halfling Ice Elementalist) Turns: 47796, Time: 02:53:01

Health: -5/116     AC: 20    Str:  9    XL:     17   Next: 6%
Magic:  19/30      EV: 25    Int: 24    God:    Sif Muna [*****.]
Gold:   1462       SH: 13    Dex: 21    Spells: 3/34 levels left

rFire    . . .     SeeInvis +   w - +2 dagger (venom)
rCold    . . .     Faith    .   i - +1 buckler
rNeg     . . .     Spirit   .   g - +2 steam dragon scales
rPois    +         Reflect  +   l - +2 hat
rElec    .         Harm     .   c - +2 cloak
rCorr    .         Rampage  .   E - +2 pair of gloves
Will     +....                  K - +0 pair of boots of the Equinox {Dex+4 SInv}
Stlth    ++........             A - amulet of reflection
HPRegen  0.29/turn              h - ring of poison resistance
MPRegen  0.22/turn              C - +6 ring of intelligence

@: no status effects
A: small, no large weapons, mutation resistance 1
a: Renounce Religion, Channel Magic, Forget Spell, Divine Exegesis


You were on level 2 of the Spider Nest.
You worshipped Sif Muna.
Sif Muna was extremely pleased with you.
You visited 5 branches of the dungeon, and saw 23 of its levels.
You also visited: Ice Cave and Volcano.

You collected 2477 gold pieces.
You spent 1015 gold pieces at shops.

Inventory:

Hand Weapons
 w - a +2 dagger of venom (weapon)
   (You took it off an orc on level 5 of the Dungeon)
 L - a +1 long sword of holy wrath
   (You found it on level 8 of the Dungeon)
 P - a +2 scimitar of flaming
   (You took it off a red draconian in a volcano)
Missiles
 F - 32 poisoned darts (quivered)
 M - 7 throwing nets {!f}
Armour
 c - a +2 cloak (worn)
   (You found it on level 1 of the Dungeon)
 g - +2 steam dragon scales (worn)
   (You took it off Maggie on level 7 of the Dungeon)
 i - a +1 buckler (worn)
   (You found it on level 4 of the Dungeon)
 j - the +8 orange crystal plate armour {Archmagi, Int+3 Clar}
   (You acquired it on level 1 of the Spider Nest)

   It affects your intelligence (+3).
   It protects you against confusion.
 l - a +2 hat (worn)
   (You found it on level 2 of the Dungeon)
 r - a +2 ring mail of poison resistance
   (You took it off Terence on level 2 of the Dungeon)
 E - a +2 pair of gloves (worn)
   (You found it on level 6 of the Dungeon)
 K - the +0 pair of boots of the Equinox (worn) {Dex+4 SInv}
   (You found it on level 3 of the Lair of Beasts)

   It affects your dexterity (+4).
   It lets you see invisible.
 Q - a +3 leather armour of fire resistance
   (You found it in a volcano)
Jewellery
 h - a ring of poison resistance (right hand)
   (You found it on level 2 of the Dungeon)
 n - a ring of willpower
   (You found it on level 2 of the Dungeon)
 o - a ring of protection from cold
   (You found it on level 5 of the Lair of Beasts)
 y - a ring of resist corrosion
   (You found it on level 3 of the Dungeon)
 A - an amulet of reflection (around neck)
   (You took it off an orc priest on level 6 of the Dungeon)
 C - a +6 ring of intelligence (left hand)
   (You found it on level 4 of the Dungeon)
 U - a ring of flight
   (You found it on level 5 of the Lair of Beasts)
Wands
 d - a wand of iceblast (2)
   (You found it on level 11 of the Dungeon)
 e - a wand of mindburst (18)
   (You found it on level 3 of the Lair of Beasts)
 t - a wand of flame (47)
   (You found it on level 5 of the Dungeon)
 u - a wand of paralysis (2)
   (You found it on level 5 of the Dungeon)
 N - a wand of charming (5)
   (You took it off Harold on level 10 of the Dungeon)
 W - a wand of polymorph (7)
   (You found it on level 1 of the Lair of Beasts)
Scrolls
 f - 4 scrolls of amnesia
 v - 4 scrolls of identify {@r1}
 D - 7 scrolls of fog
 G - 3 scrolls of teleportation {@r4}
 I - a scroll of acquirement
 O - 3 scrolls of vulnerability {!r}
 T - 2 scrolls of noise {!r}
 V - 2 scrolls of magic mapping
 X - a scroll of holy word {unknown}
 Y - a scroll of summoning {unknown}
Potions
 a - 3 potions of lignification {!q}
 b - 2 potions of cancellation
 k - 5 potions of brilliance
 m - 3 potions of attraction {!q}
 p - a potion of flight
 q - 4 potions of might
 s - a potion of curing {@q1}
 B - 3 potions of ambrosia
 H - 2 potions of mutation {!q}
 J - a potion of resistance
 R - a potion of haste {@q3}
Miscellaneous
 x - a phantom mirror
   (You found it in an ice cave)
 z - a box of beasts
   (You found it on level 1 of the Spider Nest)


   Skills:
 + Level 10.6 Fighting
 + Level 4.9 Long Blades
 + Level 12.3 Armour
 + Level 12.8 Dodging
 - Level 2.1 Stealth
 - Level 5.6 Shields
 + Level 9.3 Spellcasting
 * Level 3.5 Conjurations
 - Level 10.2 Hexes
 - Level 2.0 Summonings
 - Level 1.0 Transmutations
 * Level 10.2 Fire Magic
 - Level 10.0 Ice Magic


You had 3 spell levels left.
You knew the following spells:

 Your Spells              Type           Power      Damage    Failure   Level
a - Fireball              Conj/Fire      22%        3d10      10%         5
b - Frozen Ramparts       Ice            100%       1d12      1%          3
c - Ozocubu's Armour      Ice            56%        N/A       1%          3
e - Yara's Violent Unrav  Hex/Tmut       19%        3d9       16%         5
f - Tukima's Dance        Hex            57%        N/A       1%          3
q - Sticky Flame          Conj/Fire      44%        2d6       3%          4
w - Summon Mana Viper     Hex/Summ       40%        N/A       13%         5
x - Inner Flame           Hex/Fire       57%        N/A       1%          3

Your spell library contained the following spells:

 Spells                   Type           Power      Damage    Failure   Level
 Corona                   Hex            63%        N/A       1%          1
 Foxfire                  Conj/Fire      100%       2x1d9     1%          1
 Freeze                   Ice            100%       1d11      1%          1
 Ensorcelled Hibernation  Hex/Ice        100%       N/A       1%          2
 Slow                     Hex            57%        N/A       1%          2
 Confusing Touch          Hex            57%        N/A       1%          3
 Conjure Flame            Conj/Fire      44%        6-21      1%          3
 Dazzling Flash           Conj/Hex       88%        N/A       1%          3
 Portal Projectile        Hex/Tloc       70%        N/A       1%          3
 Shock                    Conj/Air       76%        1d7       2%          1
 Summon Small Mammal      Summ           80%        N/A       2%          1
 Beastly Appendage        Tmut           30%        N/A       3%          1
 Animate Skeleton         Necr           22%        N/A       6%          1
 Apportation              Tloc           22%        N/A       6%          1
 Pain                     Necr           44%        1d6       6%          1
 Wereblood                Tmut           15%        N/A       6%          2
 Passwall                 Tmut/Erth      10%        N/A       7%          2
 Call Canine Familiar     Summ           20%        N/A       8%          3
 Swiftness                Air            11%        N/A       9%          2
 Static Discharge         Conj/Air       19%        N/A       9%          3
 Stone Arrow              Conj/Erth      38%        3d9       9%          3
 Spider Form              Tmut/Pois      6%         N/A       14%         3
 Gell's Gravitas          Tloc           5%         N/A       17%         3
 Teleport Other           Tloc           11%        N/A       17%         3
 Vampiric Draining        Necr           5%         2d6       17%         3
 Cause Fear               Hex            28%        N/A       1%          4
 Metabolic Englaciation   Hex/Ice        28%        N/A       2%          5
 Hailstorm                Conj/Ice       43%        3d10      3%          4
 Summon Ice Beast         Ice/Summ       39%        N/A       4%          4
 Ice Form                 Ice/Tmut       37%        N/A       6%          4
 Leda's Liquefaction      Hex/Erth       17%        N/A       7%          4
 Invisibility             Hex            57%        N/A       13%         6
 Petrify                  Tmut/Erth      13%        N/A       43%         4
 Airstrike                Air            5%         N/A       50%         4
 Animate Dead             Necr           5%         N/A       50%         4
 Passage of Golubria      Tloc           N/A        N/A       50%         4
 Lightning Bolt           Conj/Air       9%         1d22      58%         5
 Blade Hands              Tmut           7%         N/A       71%         5
 Agony                    Necr           11%        N/A       85%         5
 Lee's Rapid Deconstruct  Erth           5%         3d7*      85%         5


Dungeon Overview and Level Annotations

Branches:
Dungeon (12/15)            Temple (1/1) D:4            Lair (6/6) D:11
 Shoals (0/4) Lair:4       Spider (2/4) Lair:2        Slime (0/5) Lair:5
    Orc (2/2) D:10            Elf (0/3) Orc:2         IceCv (visited)
Volcano (visited)

Altars:
Ashenzari
Cheibriados
Dithmenos
Elyvilon
Fedhas
Gozag
Hepliaklqana
Kikubaaqudgha
Makhleb
Nemelex Xobeh
Okawaru
Qazlal
Ru
Sif Muna
Trog
Uskayaw
Vehumet
Wu Jian
Xom
Yredelemnul
Zin
The Shining One
Beogh
Jiyva

Shops:
D:6 (!:(   D:8 (   D:10 (   Orc:2 *[(=!

Annotations:
Spider:2 1 runed translucent door, Killmatronix's ghost, adept FoHu


Innate Abilities, Weirdness & Mutations

You are small and have problems with some larger weapons.
You are somewhat resistant to further mutation.


Message History

You barely miss the killer bee. You block the killer bee's attack.
You closely miss the killer bee. You block the killer bee's attack. x2
You miss the killer bee. You block the killer bee's attack. x2
You barely miss the killer bee.
You kill the killer bee!
Sif Muna accepts your kill.
An orb spider is nearby!
The orb spider hisses angrily.
Found two yak corpses.
Found four yak corpses.
Found a yak corpse.
Found a yak corpse.
Found 22 sling bullets.
Killmatronix's ghost turns its malevolent gaze towards you.
A meliai comes into view. It is wielding a +2 dagger of flaming.
Found 20 gold pieces, a scroll of immolation and a transparent halberd.
The meliai mumbles some strange prayers to its god against you.
Something smites you!
You hit the meliai but do no damage.
The meliai is poisoned.
The meliai completely misses you. The meliai barely misses you. x2
You block the meliai's attack.
You hit the meliai but do no damage.
The meliai looks as sick as possible!
The meliai hits you but does no damage.
The meliai stings you but does no damage.
You completely miss the meliai. The meliai completely misses you.
You block the meliai's attack. The meliai hits you but does no damage.
The meliai closely misses you.
You closely miss the meliai.
The meliai hits you with a +2 dagger of flaming!
* * * LOW HITPOINT WARNING * * *
The meliai burns you.
* * * LOW HITPOINT WARNING * * *
The meliai misses you. The meliai completely misses you.
You block the meliai's attack.
Aim: a meliai, wielding a +2 dagger of flaming and wearing a +0 scale mail (heavily wounded, extremely poisoned, 0% to evade)
The sticky flame hits the meliai.
The meliai is covered in liquid flames!
The meliai burns!
The meliai hits you but does no damage. You block the meliai's attack.
The orb spider pulsates with a strange energy.
The meliai mumbles some strange prayers to its god against you.
Something smites you!
* * * LOW HITPOINT WARNING * * *
You hit the meliai but do no damage.
The meliai looks as sick as possible!
You kill the meliai!
Sif Muna accepts your kill.
The orb spider weaves a glowing orb of energy.
An orb of destruction comes into view.
Unknown command.
The orb of destruction hits you!!!
You die...

######...
.^....s..†.#..$†....
...##......#..#...#....##.
...........<.......###
.............>.....#
.#.....#....#.....=#
#........#.....###...^
#......#........##...##
#...(...^##s.....#...#
#.#.#.$.@○☼#######....
##.^^.....)..#W§
##......#.....+s§ .
##..#..#.#.....#§§
######.......#.#...####
.................#...#
..##..#....#..^#.....#
....................##
....^#...............#


You could see an orb spider, a jumping spider and Killmatronix's ghost.

Vanquished Creatures
  Rupert (Lair:3)
  3 entropy weavers (Spider:1)
  A red draconian (Volcano)
  2 spark wasps
  Harold (D:10)
  6 hydras
  2 boulder beetles
  Erica (Lair:2)
  An ogre mage (Volcano)
  A catoblepas (Lair:6)
  6 two-headed ogres (Volcano)
  11 death yaks
  A queen ant (Spider:1)
  Nergalle (D:10)
  The ghost of gruber the Covert, a novice KoHu of Uskayaw (D:9)
  An unseen horror (D:11)
  3 orc knights
  5 oklob plants
  7 orb spiders
  2 ugly things
  15 wolf spiders
  3 orc sorcerers
  A black mamba (Lair:3)
  A cyclops (Orc:2)
  30 elephants
  6 gargoyles
  2 ice statues (IceCv)
  Maggie (D:7)
  3 torpor snails
  5 cane toads
  5 rime drakes
  7 demonic crawlers (Spider:1)
  10 komodo dragons
  26 jumping spiders
  6 meliai
  6 polar bears
  A queen bee (Spider:2)
  A hornet (Spider:1)
  18 blink frogs
  44 redbacks
  A wraith (D:11)
  2 spriggans (Lair:3)
  6 wyverns
  17 tarantellas
  Eustachio (D:6)
  33 yaks
  3 basilisks
  3 wargs
  4 vampire mosquitoes (D:10)
  Menkaure (D:4)
  26 soldier ants (Spider:1)
  A nameless horror (D:11)
  12 water moccasins
  11 orc warriors
  7 black bears
  5 ice beasts
  3 sky beasts (D:10)
  4 ogres
  3 centaurs
  9 wolves
  5 phantoms
  17 bullfrogs
  A wyvern zombie (D:9)
  3 scorpions
  A water moccasin skeleton (D:6)
  39 killer bees
  3 howler monkeys
  6 wights
  An electric eel (Lair:5)
  2 bullfrog zombies
  3 centaur zombies
  10 hounds
  A jelly (D:6)
  A bullfrog skeleton (D:9)
  13 orc priests
  Terence (D:2)
  5 hell rats (Lair:4)
  2 iguanas
  18 orc wizards
  23 worker ants
  2 hound skeletons
  6 adders
  4 shadow imps
  15 white imps
  2 ufetubi
  An endoplasm (D:2)
  2 worms
  2 dart slugs
  57 orcs
  4 removed leopard geckos
  2 giant cockroaches (D:1)
  4 goblins
  8 hobgoblins
  22 jackals
  11 kobolds
  2 quokkas
  3 ball pythons
  4 bats
  3 frilled lizards (D:2)
  A quokka skeleton (D:4)
  7 rats
717 creatures vanquished.

Vanquished Creatures (collateral kills)
  Frances (Spider:1)
  An orc warlord (Orc:1)
  Fannar (Lair:2)
  Erolcha (D:11)
  An orc high priest (Orc:2)
  An orc knight (Orc:1)
  An ugly thing (IceCv)
  A rime drake (Lair:5)
  2 trolls
  A blink frog (Lair:2)
  A wyvern (D:9)
  A basilisk (Lair:3)
  A steam dragon (D:9)
  9 orc warriors (Orc:2)
  2 ice beasts (IceCv)
  2 ogres
  A wolf (Lair:4)
  A necrophage (D:9)
  A hound (D:9)
  An orc priest (Orc:2)
  2 orc wizards (Orc:2)
  An orc (Orc:2)
  A jackal (D:11)
35 creatures vanquished.

Vanquished Creatures (others)
  A jumping spider (Spider:2)
  2 dancing weapons
  An orc warrior (Orc:2)
  A wolf (Lair:4)
  A bullfrog (D:6)
  A scorpion (D:6)
  2 hounds
  An orc wizard (D:9)
  An adder (D:6)
  A shadow imp (D:6)
  4 orcs
  A removed leopard gecko zombie (D:6)
  A bush (Lair:6)
  34 fungi
  111 plants
163 creatures vanquished.

Grand Total: 915 creatures vanquished

Notes
Turn   | Place    | Note
-------+----------+-------------------------------------------
     0 | D:1      | MalarOregon the Halfling Ice Elementalist began the quest
                  | for the Orb.
     0 | D:1      | Reached XP level 1. HP: 11/11 MP: 3/3
   256 | D:1      | Reached XP level 2. HP: 17/17 MP: 2/4
   950 | D:1      | Reached XP level 3. HP: 13/22 MP: 1/5
  1959 | D:2      | Reached skill level 1 in Fighting
  2120 | D:2      | Reached XP level 4. HP: 28/28 MP: 6/6
  2236 | D:2      | Noticed Terence
  2244 | D:2      | Killed Terence
  2881 | D:3      | Learned a level 3 spell: Frozen Ramparts
  2885 | D:3      | Learned a level 3 spell: Ozocubu's Armour
  3046 | D:3      | Reached XP level 5. HP: 30/33 MP: 5/8
  3441 | D:3      | Found a shimmering blue altar of Sif Muna.
  3441 | D:3      | Found a burning altar of Makhleb.
  3441 | D:3      | Found a bloodstained altar of Trog.
  3442 | D:3      | Found an opulent altar of Gozag.
  3443 | D:3      | Found an ornate altar of the Wu Jian Council.
  3445 | D:3      | Found a white marble altar of Elyvilon.
  3454 | D:3      | Became a worshipper of Sif Muna the Loreminder
  3511 | D:3      | Reached skill level 5 in Ice Magic
  3601 | D:3      | Found a faded altar of an unknown god.
  4015 | D:4      | Found a staircase to the Ecumenical Temple.
  4022 | D:4      | Identified the +6 dagger of Woe {antimagic, Stlth+}
  4026 | Temple   | Entered the Ecumenical Temple
  4544 | D:4      | Found a hide-covered altar of Uskayaw.
  4840 | D:4      | Reached skill level 1 in Shields
  4840 | D:4      | Reached XP level 6. HP: 36/39 MP: 5/9
  4854 | D:4      | Reached skill level 1 in Armour
  5330 | D:4      | Reached XP level 7. HP: 20/45 MP: 1/10
  5500 | D:4      | Learned a level 4 spell: Summon Ice Beast
  5683 | D:4      | Noticed Menkaure
  5701 | D:4      | Killed Menkaure
  6148 | D:5      | Entered Level 5 of the Dungeon
  6644 | D:5      | Found a radiant altar of Vehumet.
  6702 | D:5      | Found a sparkling altar of Nemelex Xobeh.
  7118 | D:5      | Reached XP level 8. HP: 26/51 MP: 2/12
  8052 | D:6      | Found Oduo's Book Shoppe.
  8062 | D:6      | You fall into a shaft and drop 1 floor!
  8065 | D:7      | Noticed Maggie
  8729 | D:5      | Found a sparkling altar of Nemelex Xobeh.
  9056 | D:5      | Found a radiant altar of Vehumet.
  9445 | D:6      | Reached XP level 9. HP: 52/57 MP: 13/13
  9538 | D:6      | Reached skill level 5 in Shields
  9554 | D:6      | Reached * piety under Sif Muna
  9590 | D:6      | Noticed Eustachio
  9623 | D:6      | Killed Eustachio
  9624 | D:6      | Reached skill level 5 in Dodging
  9991 | D:6      | Found Suaceg's Distillery.
 10088 | D:6      | Found a shimmering altar of Xom.
 10090 | D:6      | Found Balal's Weapon Shop.
 10155 | D:6      | Found Meecux's Antique Weapon Boutique.
 10163 | D:6      | Bought a twisted dagger for 224 gold pieces
 10163 | D:6      | Identified the +9 dagger of the Witching Goat {vorpal,
                  | Dex+4} (You bought it in a shop on level 6 of the Dungeon)
 10718 | D:7      | Killed Maggie
 11025 | D:7      | Noticed a gargoyle
 11032 | D:7      | Noticed a gargoyle
 11043 | D:7      | Noticed a gargoyle
 11051 | D:7      | Noticed a gargoyle
 11063 | D:7      | Killed a gargoyle
 11064 | D:7      | Reached XP level 10. HP: 65/65 MP: 4/16
 11145 | D:7      | Noticed a gargoyle
 11319 | D:7      | Learned a level 4 spell: Sticky Flame
 11391 | D:7      | Reached ** piety under Sif Muna
 11461 | D:7      | Reached skill level 5 in Armour
 11461 | D:7      | Reached skill level 1 in Fire Magic
 11734 | D:7      | Found a blossoming altar of Fedhas.
 11906 | D:8      | Found Vuahoguff's Antique Weapon Boutique.
 12246 | D:8      | Reached skill level 1 in Conjurations
 12246 | D:8      | Reached skill level 1 in Summonings
 12920 | D:8      | Found a glowing silver altar of Zin.
 13759 | D:9      | Reached skill level 1 in Hexes
 14109 | D:9      | Found a runed translucent gate.
 14109 | D:9      | Found a runed translucent gate.
 14109 | D:9      | Found a runed translucent gate.
 14113 | D:9      | Noticed gruber's ghost (novice KoHu)
 14372 | D:9      | Reached skill level 5 in Fighting
 15028 | D:10     | Entered Level 10 of the Dungeon
 15131 | D:10     | Reached XP level 11. HP: 64/71 MP: 15/17
 15306 | D:10     | Reached *** piety under Sif Muna
 15522 | D:10     | Noticed Harold
 15539 | D:10     | Killed Harold
 15626 | D:10     | Found a staircase to the Orcish Mines.
 15626 | D:10     | Noticed an orc knight
 15630 | D:10     | Reached skill level 5 in Spellcasting
 15642 | D:10     | Killed an orc knight
 15643 | D:10     | Reached skill level 5 in Fire Magic
 15823 | D:10     | Found Yluir's Weapon Emporium.
 16284 | D:11     | Noticed Erolcha
 16384 | Orc:1    | Entered Level 1 of the Orcish Mines
 16708 | Orc:2    | Entered Level 2 of the Orcish Mines
 16728 | Orc:2    | Noticed an orc sorcerer
 17226 | D:11     | Noticed Nergalle
 17238 | D:11     | Noticed an elephant
 17239 | D:11     | Noticed a cyan ugly thing
 17249 | D:10     | Noticed a spectral orc warlord
 17254 | D:10     | Killed Nergalle
 17745 | D:10     | Found a staircase to the Orcish Mines.
 17745 | D:10     | Found Yluir's Weapon Emporium.
 17796 | D:10     | Killed an elephant
 18156 | D:10     | Killed a cyan ugly thing
 18710 | D:11     | Reached **** piety under Sif Muna
 18739 | D:11     | Reached XP level 12. HP: 75/78 MP: 15/19
 18759 | D:11     | Found a staircase to the Lair.
 19086 | D:7      | Reached skill level 5 in Hexes
 19253 | D:11     | Killed an unseen horror
 19770 | D:11     | Killed Erolcha
 20089 | Lair:1   | Entered Level 1 of the Lair of Beasts
 20100 | Lair:1   | Noticed an eight-headed hydra
 20112 | Lair:1   | Killed an eight-headed hydra
 20150 | Lair:1   | Found a frozen archway.
 20302 | Lair:1   | Learned a level 3 spell: Inner Flame
 20303 | IceCv    | Entered an ice cave
 20434 | IceCv    | Found a transporter.
 20473 | IceCv    | Found a transporter.
 21118 | Lair:1   | Noticed a four-headed hydra
 21128 | Lair:1   | Killed a four-headed hydra
 21128 | Lair:1   | Reached ***** piety under Sif Muna
 21129 | Lair:1   | Reached XP level 13. HP: 73/85 MP: 19/22
 22030 | Lair:1   | Learned a level 5 spell: Yara's Violent Unravelling
 22034 | Lair:2   | Noticed a five-headed hydra
 22046 | Lair:2   | Killed a seven-headed hydra
 22357 | Lair:2   | Noticed Erica
 22367 | Lair:2   | Killed Erica
 22367 | Lair:2   | Received a gift from Sif Muna
 22980 | Lair:2   | Found a hole to the Spider Nest.
 23724 | Lair:3   | Noticed Fannar
 23742 | Lair:2   | Reached skill level 1 in Transmutations
 24211 | Lair:3   | Noticed Rupert
 24256 | Lair:2   | Killed Fannar
 24701 | Lair:3   | Identified the +0 pair of boots of the Equinox {Dex+4 SInv}
 25056 | Lair:4   | Reached XP level 14. HP: 35/93 MP: 6/24
 25068 | Lair:4   | Reached skill level 10 in Ice Magic
 25407 | Lair:4   | Reached skill level 10 in Dodging
 25682 | Lair:4   | Found a staircase to the Shoals.
 26910 | Lair:5   | Found a dark tunnel.
 26931 | Volcano  | Entered a volcano
 27264 | Volcano  | Found a bloodstained altar of Trog.
 27338 | Volcano  | Noticed a red draconian
 27360 | Volcano  | Killed a red draconian
 28625 | Lair:4   | Identified Sif Muna's Primer on Witchcraft (Sif Muna gifted
                  | it to you on level 4 of the Lair of Beasts)
 28625 | Lair:4   | Received a gift from Sif Muna
 28783 | Lair:5   | Found a viscous altar of Jiyva.
 28783 | Lair:5   | Found a staircase to the Slime Pits.
 29096 | Lair:5   | Found a shadowy altar of Dithmenos.
 29616 | Lair:6   | Entered Level 6 of the Lair of Beasts
 29846 | Lair:6   | Reached skill level 10 in Armour
 29977 | Lair:5   | Reached skill level 10 in Fire Magic
 29977 | Lair:5   | Reached XP level 15. HP: 31/100 MP: 4/26
 31624 | Lair:6   | Reached skill level 10 in Hexes
 32037 | Lair:6   | Upgraded the game from 0.27-a0-660-g90476cec82 to
                  | 0.27-a0-668-gb5737ff2c0
 32305 | D:9      | Killed gruber's ghost
 32609 | Orc:2    | Found a staircase to the Elven Halls.
 32653 | Orc:2    | Paralysed by an orc sorcerer for 4 turns
 33257 | Orc:2    | Found Geirei's Distillery.
 33460 | Orc:2    | Identified Sif Muna's Grimoire of Bewitchment (Sif Muna
                  | gifted it to you on level 2 of the Orcish Mines)
 33460 | Orc:2    | Received a gift from Sif Muna
 33464 | Orc:2    | Noticed an orc warlord
 34493 | Orc:1    | Learned a level 3 spell: Tukima's Dance
 34497 | Orc:1    | Learned a level 3 spell: Vampiric Draining
 35627 | Orc:2    | Learned a level 5 spell: Summon Mana Viper
 35641 | Orc:2    | Found Uhithr Uxecw's Jewellery Shoppe.
 35715 | Orc:2    | Found Tiugotz's Antique Weapon Shoppe.
 35903 | Orc:2    | Found Maempakh's General Store.
 35911 | Orc:2    | Identified a scroll of acquirement
 35921 | Orc:2    | Found Dawnov's Antique Armour Shoppe.
 36029 | Orc:2    | Bought a potion of heal wounds for 80 gold pieces
 36029 | Orc:2    | Bought a potion of lignification for 48 gold pieces
 36061 | Orc:2    | Bought a box of beasts for 520 gold pieces
 36061 | Orc:2    | Bought a scroll of teleportation for 39 gold pieces
 36061 | Orc:2    | Bought a potion of cancellation for 104 gold pieces
 36136 | Orc:1    | Killed an orc warlord
 36412 | Lair:2   | Upgraded the game from 0.27-a0-668-gb5737ff2c0 to
                  | 0.27-a0-760-gc38aae387d
 36603 | Lair:3   | Killed Rupert
 37844 | Spider:1 | Entered Level 1 of the Spider Nest
 38381 | Spider:1 | Reached skill level 1 in Long Blades
 38442 | Spider:1 | Reached XP level 16. HP: 71/108 MP: 4/28
 39493 | Spider:1 | Received a gift from Sif Muna
 39839 | Spider:1 | Reached skill level 10 in Fighting
 40692 | Spider:1 | Noticed Frances
 41561 | Spider:1 | HP: 5/109 [Frances/iron shot (52)]
 41988 | Spider:1 | Acquired the +8 orange crystal plate armour {Archmagi,
                  | Int+3 Clar}
 41989 | Spider:1 | Found the +8 orange crystal plate armour {Archmagi, Int+3
                  | Clar}
 42233 | Spider:1 | Killed Frances
 43037 | Spider:1 | Glimpsed the power of Zot.
 44475 | Spider:2 | Identified Zinnil's Papyrus of the Escort and Conjuration
                  | (Sif Muna gifted it to you on level 2 of the Spider Nest)
 44475 | Spider:2 | Received a gift from Sif Muna
 46129 | Spider:1 | Learned a level 5 spell: Fireball
 47673 | Spider:2 | Reached XP level 17. HP: 116/116 MP: 5/30
 47782 | Spider:2 | Found a runed translucent door.
 47784 | Spider:2 | Noticed Killmatronix's ghost (adept FoHu)
 47796 | Spider:2 | Blown up by an orb spider

Illustrated notes

Levels and vault maps discovered:
D:1:      dpeg_arrival_tiny_a, layout_basic, serial_forest,
          infiniplex_forest_straight_5, infiniplex_forest_lined_corner,
          infiniplex_forest_clump_double, infiniplex_forest_clump_C,
          infiniplex_forest_zigzag_1, infiniplex_forest_diagonal,
          infiniplex_forest_lined_2, infiniplex_forest_lined_2,
          infiniplex_forest_lined_3_way
D:2:      layout_rooms, kennysheep_potato, uniq_terence
D:3:      layout_rooms, minitemple, chequers_ecumenical_altar_simple,
          chequers_serial_rivers_room_b
D:4:      layout_loops_corners, kennysheep_mini_moat,
          minmay_temple_entry_offerings, uniq_menkaure
D:5:      layout_basic, overflow_temple_1_default, general_overflow_altar,
          skrybe_limestone_x
D:6:      layout_cave_pools, serial_shops, shop, kennysheep_mini, shop, shop,
          xom_confusion_cloud, uniq_eustachio
D:7:      cheibrodos_statue_roulette, layout_rooms, fedhas_altar_4, uniq_maggie
D:8:      layout_loops_corners, nicolae_overflow_hidden_temple, serial_shops,
          nicolae_shop_overgrown_old_shop, minmay_manual_mess
D:9:      minmay_goldmine, layout_long_grid, ebering_ghost_rock_garden,
          lemuel_flamethrower_2
D:10:     layout_loops_ring, orc_david_3, minmay_misc_feat_enclosed, uniq_harold
D:11:     layout_long_grid, david_lair_generic, uniq_nergalle, uniq_erolcha
D:12:     layout_cave_pools, serial_shops, nicolae_shop_statue_plus,
          hangedman_ranch [blue_anna_fruit_fields]
Temple:   minmay_temple_forest_path
Lair:1:   layout_hall_layers, portal_ice_cave_entry_imps,
          chequers_serial_rivers_room_a
Lair:2:   layout_long_grid, nicolae_spider_entry_tight_spaces, uniq_erica
Lair:3:   wad_woods_tower, layout_misc_corridors, minmay_lair_oklob_chamber,
          lemuel_fruit_tree, uniq_rupert, uniq_fannar
Lair:4:   layout_hall_layers, elwin_shoals_entry_rocks
Lair:5:   statuecave_lemuel, layout_cave_shapes, slime_altar_1,
          nicolae_volcano_entry_lava_flow, minmay_holes, lemuel_oklob_altar
Lair:6:   grunt_lair_end_beastmaster, layout_regular_city
Spider:1: layout_chambers, minivault_29, uniq_frances
Spider:2: cheibrodos_forgotten_conduit, ebering_ghost_inner_flame, special_room
          [special_room_bee], hangedman_spider_tarantella_strand
Orc:1:    layout_caves, basic_altar
Orc:2:    grunt_orc_cross, layout_caves, serial_shops, shop

Skill      XL: |  1  2  3  4  5  6  7  8  9 10 11 12 13 14 15 16 |
---------------+-------------------------------------------------+-----
Fighting       | 1 2 3 4 5 6 7 8 9 10 | 10.6
Spellcasting   | 2 3 4 5 6 7 8 9 |  9.3
Dodging        | 3 4 5 6 7 9 10 11 12 | 12.8
Ice Magic      | 5 6 8 9 10 | 10.0
Shields        | 1 2 3 4 5 |  5.6
Armour         | 1 2 3 4 5 6 8 9 10 11 12 | 12.3
Fire Magic     | 3 5 7 8 10 | 10.2
Conjurations   | 1 2 3 |  3.5
Summonings     | 1 2 |  2.0
Hexes          | 2 4 6 7 9 10 | 10.2
Transmutations | 1 |  1.0
Long Blades    | 1 4 |  4.9
Stealth        | |  2.1

Action                   |  1- 3 |  4- 6 |  7- 9 | 10-12 | 13-15 | 16-18 || total
-------------------------+-------+-------+-------+-------+-------+-------++-------
Melee: Unarmed           |     7 |       |       |       |       |       ||     7
       Dagger            |     8 |     1 |    20 |     2 |     2 |   636 ||   669
       Long sword        |       |    41 |   264 |   450 |   218 |     4 ||   977
       Whip              |       |       |    35 |   134 |    28 |       ||   197
       Scimitar          |       |       |       |       |   602 |    16 ||   618
Throw: Dart              |       |    24 |    19 |       |    49 |    22 ||   114
 Cast: Freeze            |    50 |    63 |     4 |       |       |       ||   117
       Frozen Ramparts   |       |     2 |    30 |    72 |   110 |    15 ||   229
       Ozocubu's Armour  |       |       |     1 |     8 |    13 |     1 ||    23
       Summon Ice Beast  |       |       |       |    24 |    42 |       ||    66
       Sticky Flame      |       |       |       |     1 |    90 |    97 ||   188
       Inner Flame       |       |       |       |       |    16 |     1 ||    17
       Tukima's Dance    |       |       |       |       |    29 |     3 ||    32
       Summon Mana Viper |       |       |       |       |     9 |     6 ||    15
       Yara's Violent Un |       |       |       |       |     1 |       ||     1
       Fireball          |       |       |       |       |       |    17 ||    17
       Vampiric Draining |       |       |       |       |       |     7 ||     7
Invok: Channel Magic     |       |       |       |       |       |     1 ||     1
 Abil: Evoke Flight      |       |       |       |       |     1 |       ||     1
Evoke: Wand              |       |       |     3 |     4 |     5 |     2 ||    14
       Phantom mirror    |       |       |       |       |       |     1 ||     1
  Use: Scroll            |       |     8 |    16 |     9 |    11 |     7 ||    51
       Potion            |       |       |     3 |     4 |     9 |     6 ||    22
 Stab: Sleeping          |     2 |     2 |       |     4 |     2 |       ||    10
       Distracted        |       |       |     1 |     1 |     6 |     1 ||     9
       Paralysed         |       |       |     7 |       |       |       ||     7
Armor: Robe              |    15 |     1 |       |       |       |       ||    16
       Ring mail         |       |    15 |       |    45 |   142 |       ||   202
       Leather armour    |       |     3 |   172 |   167 |     9 |       ||   351
       Steam dragon scal |       |       |       |       |   147 |   233 ||   380
       Scale mail        |       |       |       |       |     9 |       ||     9
Dodge: Dodged            |    45 |    76 |   416 |   533 |   937 |   928 ||  2935
Block: Buckler           |       |    11 |   163 |   484 |   865 |   775 ||  2298
       Reflection        |       |       |       |    14 |     9 |       ||    23
       Rpst.: Long sword |       |    24 |   104 |   125 |    53 |     2 ||   308
       Scimitar          |       |       |       |       |   181 |     5 ||   186

Table legend: (Time is in decaauts)
 A = Elapsed time spent in this place.
 B = Non-inter-level travel time spent in this place.
 C = Inter-level travel time spent in this place.
 D = Time resting spent in this place.
 E = Time spent auto-exploring this place.
 F = Levels seen in this place.
 G = Mean time per level.
                   A        B        C        D        E       F      G
               +--------+--------+--------+--------+--------+-----+--------+
         Total |  48455 |  45874 |   2581 |  15422 |  21822 |  25 | 1938.2 |
       Dungeon |  19803 |  18401 |   1402 |   4833 |  10363 |  12 | 1650.2 |
        Temple |    452 |    399 |     53 |      0 |    398 |   1 |  452.0 |
          Lair |  12410 |  11715 |    695 |   3595 |   5484 |   6 | 2068.3 |
   Spider Nest |   9747 |   9534 |    213 |   4311 |   3590 |   2 | 4873.5 |
  Orcish Mines |   4407 |   4189 |    218 |   1766 |   1679 |   2 | 2203.5 |
      Ice Cave |    432 |    432 |      0 |    215 |     64 |   1 |  432.0 |
       Volcano |   1201 |   1201 |      0 |    701 |    244 |   1 | 1201.0 |
               +--------+--------+--------+--------+--------+-----+--------+

Top non-repeatable levels by time:
Spider:1: 9238 daAuts
    D:10: 3077 daAuts
   Orc:1: 2708 daAuts
  Lair:4: 2455 daAuts
  Lair:3: 2405 daAuts
  Lair:2: 2336 daAuts
     D:5: 2303 daAuts
  Lair:6: 2216 daAuts
     D:9: 2190 daAuts
     D:6: 2176 daAuts
     D:4: 1803 daAuts
   Orc:2: 1698 daAuts
     D:1: 1685 daAuts
     D:7: 1668 daAuts
  Lair:1: 1584 daAuts
